 Dungeon Crawl Stone Soup version 0.22.1-1-ga44c0e5 (webtiles) character file.

148 Starchild the Digger (level 5, -2/42 HPs)
             Began as a Deep Dwarf Earth Elementalist on Sept 27, 2018.
             Was an Initiate of Gozag.
             Slain by an orc
             ... wielding a +0 falchion
              (7 damage)
             ... on level 3 of the Dungeon.
             The game lasted 00:08:29 (1196 turns).

Starchild the Digger (DDEE)                         Turns: 1196, Time: 00:08:29

Health: -2/42      AC:  3    Str: 12    XL:     5   Next: 8%
Magic:  7/7        EV: 12    Int: 16    God:    Gozag
Gold:   327        SH:  0    Dex: 13    Spells: 4/7 levels left

rFire    . . .     SeeInvis .   a - +0 dagger
rCold    + . .     Gourm    .   (no shield)
rNeg     . . .     Faith    .   c - +0 robe
rPois    +         Spirit   .   g - +1 hat
rElec    .         Reflect  .   (no cloak)
rCorr    .         Harm     .   (no gloves)
MR       .....                  (no boots)
Stlth    ++........             (no amulet)
HPRegen  0.00/turn              h - ring of protection from cold
MPRegen  0.10/turn              j - ring of poison resistance

@: non-regenerating
A: damage resistance, heal wounds, sense surroundings 1, no regeneration
a: Heal Wounds, Potion Petition, Call Merchant, Bribe Branch, Renounce Religion


You were on level 3 of the Dungeon.
You worshipped Gozag.
Gozag was aware of your devotion.
You were not hungry.

You visited 1 branch of the dungeon, and saw 3 of its levels.

You collected 361 gold pieces.
You paid 34 gold pieces to Gozag.

Inventory:

Hand Weapons
 a - a +0 dagger (weapon)
Armour
 c - a +0 robe (worn)
 g - a +1 hat (worn)
Jewellery
 f - an uncursed ring of protection from magic {unknown}
 h - a ring of protection from cold (left hand)
 j - a ring of poison resistance (right hand)
 l - a cursed ring of teleportation {unknown}
Scrolls
 e - a scroll of teleportation
 i - 3 scrolls of identify {unknown}
 k - a scroll of blinking {unknown}
Potions
 m - a potion of degeneration {unknown}
Comestibles
 d - 3 rations


   Skills:
 - Level 2.1 Dodging
 - Level 2.4 Stealth
 - Level 1.7 Spellcasting
 + Level 0.8 Transmutations
 + Level 7.7 Earth Magic


You had 4 spell levels left.
You knew the following spells:

 Your Spells              Type           Power        Failure   Level  Hunger
a - Sandblast             Erth           ####..       1%          1    ##.....
b - Passwall              Tmut/Erth      ###.....     5%          2    ###....

Your spell library contained the following spells:

 Spells                   Type           Power        Failure   Level  Hunger
 Stone Arrow              Conj/Erth      ##....       13%         3    ####...
 Petrify                  Tmut/Erth      ###.....     36%         4    #####..
 Lee's Rapid Deconstruct  Erth           ####......   24%         5    ######.


Dungeon Overview and Level Annotations

Branches:
Dungeon (3/15)

Altars:
Gozag


Innate Abilities, Weirdness & Mutations

You are resistant to damage.
You can heal yourself by infusing magical energy.
You passively map a small area around you.
You do not regenerate.


Message History

The orc hits you with a falchion.
You hit the orc but do no damage.
The orc is moderately wounded.
The bat barely misses you. The orc barely misses you.
You hit the orc but do no damage.
The orc is moderately wounded.
The bat closely misses you. The orc hits you with a falchion.
* * * LOW HITPOINT WARNING * * *
You hit the orc but do no damage.
The orc is moderately wounded.
The bat closely misses you. The orc closely misses you.
You hit the orc.
The orc is heavily wounded.
The orc hits you with a falchion.
* * * LOW HITPOINT WARNING * * *
You hit the orc.
The orc is severely wounded.
The orc hits you with a falchion!
You die...
Your body crumbles into a pile of gold.

.........)..........
...#######.#####.###*
. #.#### # *
###....##.#*
#.#.....#.#, *
#.....#.# , *
#.#.....#.# ,
#.#.#.#o#.#
#.#.#.#@#.#.#
#.#.#.#.#$#.#.#, $ ,
#.#.#.#.# #.#.#.
##.#.#.# #.#.# .#...b
* #.#. #)... *,* #..
* .#.. , * #.. , ...
* #. , , *


You could see an orc and a bat.

Vanquished Creatures
  Jessica (D:3)
  3 adders
  An ooze (D:2)
  4 worms (D:2)
  2 dart slugs (D:2)
  3 leopard geckos
  5 orcs (D:3)
  5 giant cockroaches
  10 goblins
  5 hobgoblins
  4 jackals (D:2)
  6 kobolds
  2 ball pythons (D:2)
  5 bats
  5 frilled lizards
  7 rats
68 creatures vanquished.

Notes
Turn   | Place    | Note
-------+----------+-------------------------------------------
     0 | D:1      | Starchild the Deep Dwarf Earth Elementalist began the quest
                  | for the Orb.
     0 | D:1      | Reached XP level 1. HP: 15/15 MP: 3/3
   118 | D:1      | Reached XP level 2. HP: 20/22 MP: 0/4
   168 | D:1      | Reached skill level 5 in Earth Magic
   496 | D:2      | Found an opulent altar of Gozag.
   503 | D:2      | Reached XP level 3. HP: 19/28 MP: 1/5
   541 | D:2      | Became a worshipper of Gozag Ym Sagoz the Greedy
   596 | D:2      | Reached skill level 6 in Earth Magic
   641 | D:2      | Learned a level 2 spell: Passwall
   713 | D:2      | Reached XP level 4. HP: 9/36 MP: 2/6
   907 | D:2      | Reached skill level 7 in Earth Magic
  1052 | D:3      | Noticed Jessica
  1054 | D:3      | Killed Jessica
  1140 | D:3      | Reached XP level 5. HP: 17/42 MP: 2/7
  1196 | D:3      | Slain by an orc

Skill      XL: |  1  2  3  4 |
---------------+-------------+-----
Earth Magic    | 5 6 7 |  7.7
Dodging        | |  2.1
Stealth        | |  2.4
Spellcasting   | |  1.7
Transmutations | |  0.8

Action                   |  1- 3 |  4- 6 || total
-------------------------+-------+-------++-------
Melee: Dagger            |    72 |    67 ||   139
 Cast: Sandblast         |    44 |    27 ||    71
Invok: Potion Petition   |     1 |       ||     1
 Abil: Heal Wounds       |       |     1 ||     1
  Use: Scroll            |     4 |       ||     4
 Stab: Sleeping          |     1 |     2 ||     3
  Eat: Ration            |       |     1 ||     1
Armor: Robe              |    20 |    18 ||    38
Dodge: Dodged            |    58 |    45 ||   103
